 Dungeon Sprint DCSS version 0.27.0-65-ge2af304b15 (webtiles) character file.

Game seed: 10939341476231403955

8087 styxcanada the Imperceptible (level 11, 0/87 HPs)
             Began as a Spriggan Brigand on Aug 18, 2021.
             Was an Initiate of Gozag.
             Slain by a spriggan defender (6 damage)
             ... in the Dungeon (Sprint IV: "Fedhas' Mad Dash").
             The game lasted 00:13:42 (1509 turns).

styxcanada the Imperceptible (Spriggan Brigand)     Turns: 1509, Time: 00:13:42

Health: 0/87       AC: 10    Str:  7    XL:     11   Next: 5%
Magic:  16/16      EV: 26    Int: 13    God:    Gozag
Gold:   487        SH:  8    Dex: 20    Spells: 7/16 levels left

rFire    . . .     SeeInvis +   a - +3 dagger
rCold    . . .     Faith    .   m - +0 buckler
rNeg     . . .     Spirit   .   b - +0 robe
rPois    .         Reflect  .   x - +1 hat
rElec    +         Harm     .   o - +2 cloak
rCorr    .         Rampage  .   (gloves unavailable)
Will     ++...     NoTele   +   (boots unavailable)
Stlth    ..........             l - amulet of invisibility {+Inv}
HPRegen  0.24/turn              u - ring of willpower
MPRegen  0.15/turn              t - ring of the Death Scarab {+Blink rElec AC+4}

@: berserking, very quick
A: very small, no large weapons, unfitting armour, see invisible, speed 3
a: Renounce Religion, Evoke Blink, Evoke Invisibility, Potion Petition, Call
Merchant, Bribe Branch


You were in the Dungeon.
You worshipped Gozag.
Gozag was aware of your devotion.
You visited 1 branch You collected 2369 gold pieces.
You spent 1882 gold pieces at shops.

Inventory:

Hand Weapons
 a - a +3 dagger (weapon)
Missiles
 d - 11 poisoned darts (quivered)
 e - 2 curare-tipped darts
 n - 20 stones
Armour
 b - a +0 robe (worn)
 m - a +0 buckler (worn)
 o - a +2 cloak (worn)
 x - a +1 hat (worn)
Jewellery
 l - the amulet of invisibility (around neck) {+Inv}
   (You found it in the Dungeon)

   [amulet of nothing]

   +Inv:      It lets you turn invisible.
 t - the ring of the Death Scarab (right hand) {+Blink rElec AC+4}
   (You bought it in a shop in the Dungeon)

   [ring of protection]

   AC:        It affects your AC (+4).
   rElec:     It insulates you from electricity.
   +Blink:    It lets you blink.
 u - a ring of willpower (left hand)
Wands
 c - a wand of paralysis (4)
Scrolls
 k - a scroll of blinking
 r - a scroll of identify
 s - a scroll of magic mapping
Potions
 f - a potion of curing
 h - a potion of haste
 i - 2 potions of magic
 p - a potion of might
 v - a potion of mutation
Miscellaneous
 q - a box of beasts (inert)


   Skills:
 + Level 7.0 Fighting
 + Level 6.6 Short Blades
 + Level 5.1 Throwing
 * Level 11.5 Dodging
 + Level 24.6 Stealth
 + Level 5.6 Shields
 * Level 3.1 Spellcasting
 * Level 3.1 Hexes
 * Level 3.5 Transmutations
 * Level 2.0 Ice Magic
 * Level 2.4 Poison Magic
 * Level 13.7 Evocations


You had 7 spell levels left.
You knew the following spells:

 Your Spells              Type           Power      Damage    Failure   Level
a - Corona                Hex            11%        N/A       7%          1
b - Sting                 Tmut/Pois      36%        1d4       8%          1
c - Ensorcelled Hibernat  Hex/Ice        16%        N/A       13%         2
d - Slow                  Hex            10%        N/A       11%         2
e - Confusing Touch       Hex            10%        N/A       21%         3

Your spell library contained the following spells:

 Spells                   Type           Power      Damage    Failure   Level
 Tukima's Dance           Hex            10%        N/A       21%         3
 Poisonous Vapours        Pois/Air       10%        N/A       22%         2
 Ozocubu's Armour         Ice            7%         N/A       32%         3
 Olgreb's Toxic Radiance  Pois           8%         N/A       67%         4
 Yara's Violent Unravell  Hex/Tmut       5%         3d4       87%         5
 Ozocubu's Refrigeration  Ice            3%         4d5       100%        7


Dungeon Overview and Level Annotations

Branches:
Dungeon (1/1)

Altars:
Cheibriados
Dithmenos
Elyvilon
Gozag
Hepliaklqana
Kikubaaqudgha
Makhleb
Nemelex Xobeh
Okawaru
Qazlal
Ru
Sif Muna
Trog
Uskayaw
Vehumet
Wu Jian
Xom
Yredelemnul
Zin
The Shining One
Beogh
Jiyva
Lugonu

Shops:
D [[(!=*::


Innate Abilities, Weirdness & Mutations

You are very small and have problems with some larger weapons.
You are too small for most types of armour.
You have supernaturally acute eyesight. (SInv)
You cover ground extremely quickly. (Speed+++)


Message History

The spriggan defender is moderately wounded.
The spriggan defender completely misses you.
You hit the spriggan defender.
The spriggan defender is heavily wounded.
The spriggan defender hits you with a +2 rapier of holy wrath!!
You hit the spriggan defender.
The spriggan defender is heavily wounded.
You puncture the spriggan defender!
The spriggan defender is severely wounded.
You block the spriggan defender's attack.
You puncture the spriggan defender!
The spriggan defender is almost dead.
The spriggan defender misses you.
You completely miss the spriggan defender.
The spriggan defender is almost dead.
You block the spriggan defender's attack.
The spriggan defender blocks your attack.
The spriggan defender is almost dead.
You miss the spriggan defender.
The spriggan defender is almost dead.
The spriggan defender hits you with a +2 rapier of holy wrath!!
* * * LOW HITPOINT WARNING * * *
You barely miss the spriggan defender.
The spriggan defender is almost dead.
The spriggan defender completely misses you.
You barely miss the spriggan defender.
The spriggan defender is almost dead.
The spriggan defender hits you with a +2 rapier of holy wrath.
* * * LOW HITPOINT WARNING * * *
The spriggan defender blocks your attack.
The spriggan defender is almost dead.
You block the spriggan defender's attack.
The spriggan defender blocks your attack.
The spriggan defender is almost dead.
The spriggan defender completely misses you.
You puncture the spriggan defender!
The spriggan defender is almost dead.
The spriggan defender hits you with a +2 rapier of holy wrath.
You die...
Your body crumbles into a pile of gold.

###############################
⌠._._._._.⌠.#..i@.)#....##∩##)#
._._._._._..'..#[..#....'..##'#
.._._._._...#..###'##...##∩#..###
._._._._._..#..##∩∩.'...#####..).
_._._._._.⌠.#################...∩
#################......###....)♣.
♣♣♣♣..♣.###.'.['.......'.'..)♣..∩
(...♣.i♣##..#..#.P.....##########
.♣♣♣.♣).###.##'##.P....#


You could see a spriggan defender.

Vanquished Creatures
  Agnes (D)
  A spriggan berserker (D)
  A spriggan druid (D)
  6 oklob plants (D)
  A demonic crawler (D)
  3 burning bushes (D)
  3 wandering mushrooms (D)
  A hornet (D)
  A queen bee (D)
  3 scorpions (D)
  4 killer bees (D)
  5 oklob saplings (D)
  5 spriggans (D)
  A river rat (D)
  A rat (D)
  A ballistomycete spore (D)
38 creatures vanquished.

Notes
Turn   | Place    | Note
-------+----------+-------------------------------------------
     0 | D        | styxcanada the Spriggan Brigand began the quest for the
                  | Orb.
     0 | D        | Reached XP level 1. HP: 10/10 MP: 2/2
     9 | D        | Reached skill level 7 in Stealth
     9 | D        | Reached XP level 2. HP: 15/15 MP: 3/3
    11 | D        | Reached skill level 8 in Stealth
    17 | D        | Noticed an oklob sapling
    19 | D        | Killed an oklob sapling
    20 | D        | Reached skill level 10 in Stealth
    20 | D        | Reached XP level 3. HP: 18/18 MP: 4/4
    21 | D        | Found the amulet of invisibility {+Inv}
    21 | D        | Noticed a scorpion
    23 | D        | Killed a scorpion
    24 | D        | Reached skill level 12 in Stealth
    24 | D        | Reached XP level 4. HP: 23/23 MP: 5/5
    54 | D        | Found an opulent altar of Gozag.
    54 | D        | Found a hazy altar of Hepliaklqana.
    54 | D        | Found a burning altar of Makhleb.
    54 | D        | Found a sparkling altar of Nemelex Xobeh.
    54 | D        | Found a snail-covered altar of Cheibriados.
    54 | D        | Found a sacrificial altar of Ru.
    54 | D        | Found a shimmering blue altar of Sif Muna.
    54 | D        | Found a shimmering altar of Xom.
    54 | D        | Found a basalt altar of Yredelemnul.
    55 | D        | Found a viscous altar of Jiyva.
    55 | D        | Found a bloodstained altar of Trog.
    55 | D        | Found an ornate altar of the Wu Jian Council.
    56 | D        | Found an iron altar of Okawaru.
    56 | D        | Found a shadowy altar of Dithmenos.
    56 | D        | Found a glowing silver altar of Zin.
    57 | D        | Found an ancient bone altar of Kikubaaqudgha.
    57 | D        | Found a hide-covered altar of Uskayaw.
    58 | D        | Found a stormy altar of Qazlal.
    58 | D        | Found a white marble altar of Elyvilon.
    58 | D        | Found a glowing golden altar of the Shining One.
    59 | D        | Became a worshipper of Gozag Ym Sagoz the Greedy
    60 | D        | Found a corrupted altar of Lugonu.
    60 | D        | Found a radiant altar of Vehumet.
    64 | D        | Reached skill level 13 in Stealth
    64 | D        | Reached XP level 5. HP: 28/28 MP: 3/6
   110 | D        | Reached skill level 14 in Stealth
   141 | D        | Reached skill level 5 in Dodging
   159 | D        | Reached skill level 15 in Stealth
   169 | D        | Reached XP level 6. HP: 17/32 MP: 7/7
   351 | D        | Found Biurod's Antique Armour Shop.
   351 | D        | Found Tousesom's Armour Emporium.
   357 | D        | Bought a +1 cloak for 115 gold pieces
   381 | D        | Noticed a burning bush
   381 | D        | Noticed a wandering mushroom
   382 | D        | Noticed a wandering mushroom
   385 | D        | Killed a burning bush
   386 | D        | Reached skill level 17 in Stealth
   386 | D        | Reached skill level 1 in Shields
   386 | D        | Reached skill level 5 in Evocations
   386 | D        | Killed a wandering mushroom
   387 | D        | Reached skill level 18 in Stealth
   387 | D        | Reached XP level 7. HP: 38/38 MP: 5/8
   387 | D        | Killed a wandering mushroom
   390 | D        | Reached skill level 19 in Stealth
   390 | D        | Reached XP level 8. HP: 42/42 MP: 5/9
   402 | D        | Found Zeikh's Assorted Antiques.
   402 | D        | Found Muywk's Jewellery Shoppe.
   411 | D        | Bought a scroll labelled REALAH GETI for 27 gold pieces
   411 | D        | Bought a scroll labelled BETWEP BORRERE for 27 gold pieces
   411 | D        | Bought a scroll labelled BETWEP BORRERE for 27 gold pieces
   411 | D        | Bought a scroll labelled USONNA GAMISS for 27 gold pieces
   411 | D        | Bought a scroll labelled USONNA GAMISS for 27 gold pieces
   411 | D        | Bought a runed moonstone ring for 135 gold pieces
   463 | D        | Noticed a queen bee
   470 | D        | Killed a queen bee
   475 | D        | Reached skill level 5 in Fighting
   476 | D        | Reached skill level 20 in Stealth
   635 | D        | Noticed an oklob plant
   638 | D        | Killed an oklob plant
   651 | D        | Noticed a burning bush
   839 | D        | Killed a burning bush
   840 | D        | Reached skill level 21 in Stealth
   840 | D        | Reached XP level 9. HP: 47/47 MP: 7/10
   899 | D        | Bought the ring of the Death Scarab {+Blink rElec AC+4} for
                  | 627 gold pieces
   954 | D        | Noticed a burning bush
   954 | D        | Noticed an oklob plant
   955 | D        | Noticed a wandering mushroom
   956 | D        | Killed a burning bush
   957 | D        | Reached skill level 5 in Throwing
   961 | D        | Killed an oklob plant
   966 | D        | Killed a wandering mushroom
   967 | D        | Reached skill level 5 in Short Blades
   967 | D        | Reached skill level 22 in Stealth
   967 | D        | Reached skill level 10 in Evocations
  1029 | D        | Noticed a spriggan druid
  1031 | D        | Killed a spriggan druid
  1088 | D        | Noticed an oklob plant conjurer
  1089 | D        | Killed an oklob plant conjurer
  1250 | D        | Noticed an oklob plant
  1250 | D        | Noticed an oklob plant summoner
  1251 | D        | Noticed an oklob plant shifter
  1256 | D        | Killed an oklob plant
  1257 | D        | Reached skill level 10 in Dodging
  1257 | D        | Reached skill level 23 in Stealth
  1257 | D        | Reached skill level 5 in Shields
  1257 | D        | Reached XP level 10. HP: 53/53 MP: 8/11
  1258 | D        | Killed an oklob plant summoner
  1260 | D        | Killed an oklob plant shifter
  1312 | D        | Noticed a spriggan rider
  1313 | D        | Found Haaqiq's Book Emporium.
  1317 | D        | Found Guethre's Book Shoppe.
  1321 | D        | Killed a spriggan rider
  1322 | D        | Reached skill level 24 in Stealth
  1344 | D        | Bought a book of Maledictions for 252 gold pieces
  1344 | D        | Bought a Young Poisoner's Handbook for 280 gold pieces
  1346 | D        | Learned a level 1 spell: Corona
  1348 | D        | Learned a level 1 spell: Sting
  1351 | D        | Learned a level 2 spell: Ensorcelled Hibernation
  1353 | D        | Bought a book of Misfortune for 338 gold pieces
  1356 | D        | Learned a level 2 spell: Slow
  1360 | D        | Learned a level 3 spell: Confusing Touch
  1394 | D        | Noticed Agnes
  1396 | D        | Found Nuqe Yheur's Antique Weapon Emporium.
  1396 | D        | Noticed a spriggan berserker
  1398 | D        | Found Xachen's Distillery.
  1400 | D        | Killed Agnes
  1401 | D        | Reached skill level 1 in Ice Magic
  1404 | D        | Killed a spriggan berserker
  1405 | D        | Reached XP level 11. HP: 58/58 MP: 10/16
  1410 | D        | Noticed a spriggan defender
  1509 | D        | Slain by a spriggan defender

Illustrated notes

Levels and vault maps discovered:
D:        dungeon_sprint_fedhas [sprint_temple]

Skill      XL: |  1  2  3  4  5  6  7  8  9 10 |
---------------+-------------------------------+-----
Dodging        | 2 3 4 5 7 8 10 11 | 11.5
Stealth        | 7 10 12 13 15 18 19 21 23 24 | 24.6
Fighting       | 2 3 4 5 6 7 |  7.0
Short Blades   | 3 4 5 6 |  6.6
Evocations     | 2 3 5 6 8 11 13 | 13.7
Throwing       | 3 4 5 |  5.1
Shields        | 2 3 5 |  5.6
Spellcasting   | 3 |  3.1
Hexes          | 3 |  3.1
Transmutations | 3 |  3.5
Ice Magic      | 2 |  2.0
Poison Magic   | 2 |  2.4

Action                   |  1- 3 |  4- 6 |  7- 9 | 10-12 || total
-------------------------+-------+-------+-------+-------++-------
Melee: Dagger            |     4 |     6 |    27 |    23 ||    60
Throw: Dart              |       |     8 |       |     8 ||    16
 Abil: Evoke Invisibilit |       |     3 |     7 |     2 ||    12
       Evoke Blink       |       |       |       |     1 ||     1
Evoke: Wand              |       |       |     1 |       ||     1
       Box of beasts     |       |       |       |     1 ||     1
  Use: Scroll            |       |       |     5 |     2 ||     7
       Potion            |       |       |       |     3 ||     3
 Stab: Sleeping          |     3 |     5 |    15 |     8 ||    31
       Paralysed         |       |       |     1 |       ||     1
       Invisible         |       |       |     2 |       ||     2
Armor: Robe              |     1 |       |     1 |       ||     2
Dodge: Dodged            |       |     3 |     3 |     8 ||    14
Block: Buckler           |       |       |     1 |     5 ||     6
